AoeStats
← PAnDA_2_0

Arabia

509942544Analyzed
1v1 RM · 4d ago on Sep 28, 2026· 27m 57s· 2 players
Game mode
Random Map
Map size
Tiny (2 player)
Population
200
Speed
Normal
Resources
Standard
Victory
Conquest
Starting age
Dark Age
Ending age
Imperial Age
RankedLock teamsTeams togetherTeam positionsShared explorationLock speedFull tech treeHidden civsTurbo modeCheats
Victory
Defeat
🇷🇺 Mongols · Russia
1096
+45
🇪🇪 Huns · Estonia
1096
-16
Bebull
9:08 Loom
11:30 Feudal Age
12:44 Double-Bit Axe
16:28 Horse Collar
21:46 Castle Age
21:38 Bloodlines
21:35 Scale Barding Armor
23:20 Light Cavalry
25:01 Chain Barding Armor
PAnDA_2_0
4:55 Loom
6:02 Loom
8:17 Feudal Age
9:03 Double-Bit Axe
15:37 Fletching
21:22 Castle Age
20:17 Bloodlines
20:13 Padded Archer Armor
20:36 Gold Mining
21:45 Wheelbarrow
21:18 Horse Collar
22:06 Bodkin Arrow
23:39 Light Cavalry
Connection lost

Rejoining the realm…

Still unreachable

The connection could not be restored.

Session expired

The server has moved on; the page needs a fresh start.